 Dungeon Crawl Stone Soup version 0.31.0-32-g396128a36d (webtiles) character file.

Game seed: 1413274306598928158

2698262 RepoMan the Eviscerator (level 27, 190/205 HPs)
             Began as a Felid Fighter on Mar 21, 2024.
             Was the Champion of Wu Jian.
             Escaped with the Orb
             ... and 4 runes
             ... and 1 gem (0 intact) on Mar 24, 2024!
             The game lasted 05:38:39 (59170 turns).

RepoMan the Eviscerator (Felid Fighter)            Turns: 59170, Time: 05:38:40

Health: 190/205    AC: 34    Str: 12    XL:     27
Magic:  30/30      EV: 67    Int: 13    God:    Wu Jian [******]
Gold:   7791       SH:  0    Dex: 40    Spells: 8/34 levels left
                                        Lives:  2   Deaths: 2

rFire   + +          +
                       - Unarmed
rCold   + . .        (shield unavailable)
rNeg    + . .        (body armour unavailable)
rPois   ∞            (helmet unavailable)
rElec   +            (cloak unavailable)
rCorr   .            (gloves unavailable)
SInv    +            (boots unavailable)
Will    ++++.        Y - amulet "Quradauv" {Regen+ Dex+4}
Stlth   +++          S - ring "Ikount" {rF++ EV+5 Dex+3}
HPRegen 1.34/turn    B - ring "Bommyeta" {rF+ rC+ Dex+4 SInv Stlth-}
MPRegen 0.22/turn

%: no passive effects
@: statue-form, studying Ice Magic, very slow
A: slow and powerful, torment resistance 1, boosted hp, very small, claws 1,
fangs 3, see invisible, (shaggy fur 3), stealthy paws, no weapons or thrown
items, no armour, multi-lived, antennae 1, deterioration 1, poison resistance
0: Orb of Zot
}: 4/15 runes: decaying, slimy, silver, gossamer
a: Begin Untransformation, Renounce Religion, Wall Jump, Serpent's Lash,
Heavenly Storm


You escaped.
You worshipped Wu Jian.
Wu Jian was exalted by your worship.
You were a living statue of rough stone.
You visited 12 branches of the dungeon, and saw 56 of its levels.
You also visited: Trove, Bailey, Ice Cave, Volcano and Wizlab.

You collected 12639 gold pieces.
You spent 4848 gold pieces at shops.

Inventory:

Jewellery
 e - the ring of Res Nullius {rElec rCorr}
   (You found it in a treasure trove)

   [ring of resist corrosion]

   rElec:     It insulates you from electricity.
   rCorr:     It protects you from acid and corrosion.
 m - the ring "Ekkyteov" {rElec Will+++ Str+6 Dex-3 Stlth+}
   (You found it in a treasure trove)

   [ring of strength]

   Str+6:     It affects your strength (+6).
   Dex-3:     It affects your dexterity (-3).
   rElec:     It insulates you from electricity.
   Will+++:   It greatly increases your willpower.
   Stlth+:    It makes you more stealthy.
 q - the ring "Ojor" {Fly rElec SInv}
   (You found it on level 3 of the Depths)

   [ring of see invisible]

   rElec:     It insulates you from electricity.
   SInv:      It lets you see invisible.
   Fly:       It grants you flight.
 r - a ring of positive energy
 w - the ring "Jobimou" {rPois rF+ AC+4 Stlth+}
   (You found it on level 1 of the Crypt)

   [ring of protection]

   AC+4:      It affects your AC (+4).
   rF+:       It protects you from fire.
   rPois:     It protects you from poison Stlth+: It makes you more stealthy.
 B - the ring "Bommyeta" (right paw) {rF+ rC+ Dex+4 SInv Stlth-}
   (You found it on level 3 of the Depths)

   [ring of protection from fire]

   Dex+4:     It affects your dexterity (+4).
   rF+:       It protects you from fire.
   rC+:       It protects you from cold.
   SInv:      It lets you see invisible.
   Stlth-:    It makes you less stealthy.
 F - the amulet of Tanotiseo {Reflect rElec rF++ rCorr Dex-3 SH+5}
   (You bought it in a shop on level 3 of the Depths)

   [amulet of reflection]

   Reflect:   It reflects blocked missile attacks.
   Dex-3:     It affects your dexterity (-3).
   rF++:      It greatly protects you from fire.
   rElec:     It insulates you from electricity.
   rCorr:     It protects you from acid and corrosion.
   SH+5:      It affects your SH (+5).
 S - the ring "Ikount" (left paw) {rF++ EV+5 Dex+3}
   (You took it off a fire giant on level 5 of the Vaults)

   [ring of evasion]

   EV+5:      It affects your evasion (+5).
   Dex+3:     It affects your dexterity (+3).
   rF++:      It greatly protects you from fire.
 V - the ring of the Riding Gods {rElec rF+ Will+ EV+5 Dex-5}
   (You found it on level 5 of the Pits of Slime)

   [ring of evasion]

   EV+5:      It affects your evasion (+5).
   Dex-5:     It affects your dexterity (-5).
   rF+:       It protects you from fire.
   rElec:     It insulates you from electricity.
   Will+:     It increases your willpower.
 Y - the amulet "Quradauv" (around neck) {Regen+ Dex+4}
   (You acquired it on level 1 of the Elven Halls)

   [amulet of regeneration]

   Dex+4:     It affects your dexterity (+4).
   Regen+:    It increases your rate of health regeneration.
Talismans
 y - a dragon-blood talisman
 E - a granite talisman (active)
 Z - a talisman of death
Wands
 D - a wand of flame (76)
 H - a wand of polymorph (24)
 J - a wand of iceblast (63)
 K - a wand of charming (39)
 L - a wand of mindburst (25)
 Q - a wand of acid (20)
 U - a wand of digging (2)
Scrolls
 a - 9 scrolls of vulnerability
 d - 13 scrolls of amnesia
 g - 3 scrolls of silence
 h - 3 scrolls of poison
 j - 6 scrolls of noise
 k - 14 scrolls of teleportation
 o - 8 scrolls of torment
 s - 12 scrolls of revelation
 v - 9 scrolls of fear
 R - 11 scrolls of immolation
 T - 8 scrolls of fog
 W - 2 scrolls of blinking
Potions
 c - 12 potions of mutation
 f - 38 potions of curing
 i - 8 potions of cancellation
 l - a potion of haste
 n - 11 potions of enlightenment
 p - a potion of might
 u - 8 potions of attraction
 x - 12 potions of lignification
 z - 3 potions of berserk rage
 A - 7 potions of brilliance
 C - a potion of experience
 G - 7 potions of ambrosia
 I - 7 potions of invisibility
 M - 2 potions of resistance
 X - 4 potions of heal wounds
Miscellaneous
 b - a lightning rod (4/4)
 N - a phial of floods
 O - a phantom mirror


   Skills:
 + Level 20.7 Fighting
 - Level 23.3 Dodging
 + Level 19.1 Stealth
 + Level 26.8 Unarmed Combat
 - Level 4.4 Spellcasting
 - Level 13.3 Hexes
 - Level 13.3 Translocations
 - Level 1.1 Fire Magic
 - Level 9.9 Air Magic
 - Level 5.5 Evocations
 * Level 22.0 Shapeshifting


You had 8 spell levels left.
You knew the following spells:

 Your Spells              Type           Power      Damage    Failure   Level
a - Manifold Assault      Tloc           37%        N/A       1%          4
b - Blink                 Tloc           74%        N/A       1%          2
f - Cause Fear            Hex            18%        N/A       1%          4
g - Apportation           Tloc           74%        N/A       1%          1
l - Lesser Beckoning      Tloc           74%        N/A       1%          2
p - Passage of Golubria   Tloc           37%        N/A       1%          4
v - Vhi's Electric Charg  Tloc/Air       66%        N/A       1%          4
S - Silence               Hex/Air        16%        N/A       4%          5

Your spell library contained the following spells:

 Spells                   Type           Power      Damage    Failure   Level
 Ensorcelled Hibernation  Hex/Ice        40%        N/A       1%          2
 Jinxbite                 Hex            74%        N/A       1%          2
 Momentum Strike          Conj/Tloc      40%        3d9       1%          2
 Confusing Touch          Hex            37%        N/A       1%          3
 Gell's Gravitas          Tloc           37%        N/A       1%          3
 Sigil of Binding         Hex            37%        N/A       1%          3
 Swiftness                Air            28%        N/A       1%          3
 Teleport Other           Tloc           37%        N/A       1%          3
 Tukima's Dance           Hex            37%        N/A       1%          3
 Shock                    Conj/Air       60%        1d6       2%          1
 Dazzling Flash           Conj/Hex       40%        N/A       3%          3
 Inner Flame              Hex/Fire       21%        N/A       3%          3
 Volatile Blastmotes      Fire/Tloc      42%        2d13      3%          3
 Mercury Vapours          Alch/Air       30%        N/A       4%          2
 Cigotuvi's Dreadful Rot  Necr/Alch/Air  22%        N/A       8%          2
 Anguish                  Hex/Necr       10%        N/A       13%         4
 Iskenderun's Mystic Bla  Conj/Tloc      20%        2d6       13%         4
 Dispersal                Tloc           18%        N/A       13%         6
 Foxfire                  Conj/Fire      16%        2x1d4     16%         1
 Scorch                   Fire           10%        2d5       19%         2
 Kiss of Death            Conj/Necr      8%         2d6       21%         1
 Magic Dart               Conj           8%         1d3       21%         1
 Necrotise                Necr           8%         1d4       21%         1
 Sting                    Conj/Alch      8%         1d3       21%         1
 Summon Small Mammal      Summ           8%         N/A       21%         1
 Summon Lightning Spire   Summ/Air       15%        N/A       26%         4
 Call Imp                 Summ           4%         N/A       30%         2
 Searing Ray              Conj           4%         2d4       30%         2
 Metabolic Englaciation   Hex/Ice        10%        N/A       34%         5
 Summon Forest            Summ/Tloc      10%        N/A       34%         5
 Summon Mana Viper        Hex/Summ       20%        N/A       34%         5
 Yara's Violent Unravell  Hex/Alch       10%        3d6       34%         5
 Call Canine Familiar     Summ           2%         N/A       52%         3
 Frozen Ramparts          Ice            4%         1d1       52%         3
 Hailstorm                Conj/Ice       2%         3d5       52%         3
 Passwall                 Erth           2%         N/A       52%         3
 Summon Ice Beast         Ice/Summ       2%         N/A       52%         3
 Arcjolt                  Conj/Air       7%         1d17      58%         5
 Enfeeble                 Hex            18%        N/A       58%         7
 Freezing Cloud           Conj/Ice/Air   5%         6-21      82%         5
 Flame Wave               Conj/Fire      4%         2d5       85%         4
 Ignite Poison            Fire/Alch      4%         N/A       85%         4
 Sticky Flame             Fire/Alch      4%         2d4       85%         4
 Summon Blazeheart Golem  Fire/Summ      4%         N/A       85%         4
 Brom's Barrelling Bould  Conj/Erth      2%         2d3       89%         4
 Dispel Undead            Necr           2%         3d7       89%         4
 Fulminant Prism          Conj/Alch      1%         3d5       89%         4
 Leda's Liquefaction      Alch/Erth      1%         N/A       89%         4
 Olgreb's Toxic Radiance  Alch           2%         N/A       89%         4
 Petrify                  Alch/Erth      2%         N/A       89%         4
 Plasma Beam              Fire/Air       8%         2x1d19    97%         6
 Alistair's Intoxication  Alch           1%         N/A       99%         5
 Fireball                 Conj/Fire      2%         3d4       99%         5
 Irradiate                Conj/Alch      1%         3d12      99%         5
 Iskenderun's Battlesphe  Conj           2%         2d6       99%         5
 Lee's Rapid Deconstruct  Erth           1%         3d4*      99%         5
 Conjure Ball Lightning   Conj/Air       7%         3x3d6     99%         6
 Discord                  Hex            18%        N/A       99%         8
 Disjunction              Tloc           18%        N/A       99%         8
 Eringya's Noxious Bog    Alch           1%         4d6       100%        6
 Sculpt Simulacrum        Ice/Alch       1%         N/A       100%        6
 Starburst                Conj/Fire      2%         6d3       100%        6
 Summon Cactus Giant      Summ           1%         N/A       100%        6
 Haunt                    Necr/Summ      1%         N/A       100%        7
 Malign Gateway           Summ/Tloc      10%        N/A       100%        7
 Monstrous Menagerie      Summ           1%         N/A       100%        7
 Orb of Destruction       Conj           1%         9d5       100%        7
 Ozocubu's Refrigeration  Ice            1%         4d7       100%        7
 Spellforged Servitor     Conj/Summ      1%         N/A       100%        7
 Summon Hydra             Summ           1%         N/A       100%        7
 Borgnjor's Revivificati  Necr           1%         N/A       100%        8
 Ignition                 Fire           2%         3d3       100%        8
 Lehudib's Crystal Spear  Conj/Erth      1%         10d2      100%        8
 Maxwell's Capacitive Co  Air            14%        ∞         100%        8
 Summon Horrible Things   Summ           1%         N/A       100%        8
 Death's Door             Necr           1%         N/A       100%        9
 Polar Vortex             Ice            1%         N/A       100%        9
 Shatter                  Erth           1%         3d5*      100%        9
 Dimensional Bullseye     Hex/Tloc       Unusable   N/A       N/A         4
 Sublimation of Blood     Necr           Unusable   N/A       N/A         2
 Animate Armour           Summ/Erth      Unusable   N/A       N/A         4

Dungeon Overview and Level Annotations

Branches:
Dungeon (15/15)            Temple (1/1) D:5            Lair (5/5) D:8
  Swamp (4/4) Lair:2       Spider (4/4) Lair:2        Slime (5/5) Lair:5
    Orc (2/2) D:9             Elf (3/3) Orc:2        Vaults (5/5) D:14
  Crypt (3/3) Vaults:2       Tomb (0/3) Crypt:3      Depths (4/4) D:15
    Zot (5/5) Depths:4     Bailey (visited)           IceCv (visited)
Volcano (visited)          WizLab (visited)

Altars:
Ashenzari
Cheibriados
Dithmenos
Elyvilon
Fedhas
Gozag
Hepliaklqana
Kikubaaqudgha
Makhleb
Nemelex Xobeh
Okawaru
Qazlal
Ru
Sif Muna
Trog
Uskayaw
Vehumet
Wu Jian
Xom
Yredelemnul
Zin
The Shining One
Jiyva

Shops:
D:9 (:=(   Orc:2 [*:[   Elf:1 !*   Vaults:5 (*   Depths:3 =   Depths:4 =:=

Portals:
Hell: Depths:1 Depths:2 Depths:3 Depths:4
Abyss: Swamp:3 Depths:3
Pandemonium: Depths:2 Depths:3 Depths:4
Ziggurat: Depths:1

Annotations:
D:14 1 runed translucent door, Onucvo's ghost, journeyman FoFi
Swamp:2 1 runed translucent door
Swamp:3 1 transporter, Iffuusoj's ghost, adept MiBe
Elf:2 5 runed translucent doors
Depths:4 3 runed translucent doors, Gemnonof's ghost, adept DgCj; Udadeo's ghost, legendary GrEE; Xuixaaf's ghost, veteran DEFE


Innate Abilities, Weirdness & Mutations

You are a living statue of rough stone.
Your actions are slow, but your melee attacks are powerful.
You are resistant to unholy torment.
Your maximum health is greatly increased.
You are immune to poison.
You have sharp claws.
You have razor-sharp teeth.
You have supernaturally acute eyesight. (SInv)
((Your thick and shaggy fur keeps you warm. (AC +3, rC+)))
Your paws help you pounce on unaware monsters.
You are incapable of wielding weapons or throwing items.
You cannot wear armour.
You gain extra lives every three experience levels.
You have a pair of small antennae on your head.
Your body sometimes deteriorates upon taking damage.
Your system is resistant to poisons. (rPois)


Message History

Casting: Vhi's Electric Charge (mildly dangerous; 1% risk of failure)
Confirm with . or Enter, or press ? or * to list all spells.
Charge where?
Press: ? - help, Dir - move target, f - hellion
Aim: a hellion (90% to hit)
You charge forward with an electric crackle!
You eviscerate the hellion and electrocute it!!!!
You kill the hellion!
The Council accepts your kill.
You see here a +0 sling.
There is a faded altar of an unknown god here.
Aiming: Dig
Press: ? - help, Shift-Dir - straight line A rock wall.
This square is covered in magical glow.
The rock shatters into small pieces.
An ice devil comes into view.
Aiming: Dig
Press: ? - help, Shift-Dir - straight line A rock wall.
This square is covered in magical glow.
The rock shatters into small pieces.
An Executioner and 2 large abominations come into view.
The Executioner gestures.
The Executioner seems to speed up.
The Executioner completely misses you. x2; The Executioner hits you.
The Executioner barely misses you. The Executioner misses you.
The Executioner completely misses you.
Aiming: Dig
Press: ? - help, Shift-Dir - straight line This square is covered in magical glow.
The rock shatters into small pieces.
The Executioner completely misses you. x3
The Executioner closely misses you.
The Executioner completely misses you. x11
Blink to where?
Press: ? - help, Dir - move target
As you read the scroll of blinking, it crumbles to dust.
The Executioner hits you! The Executioner barely misses you.
The Executioner completely misses you. x5; The Executioner misses you.
The Executioner hits you but does no damage.
You have escaped!

..###########
#.+......####..... ..#
###......# ####.. 1.#
#.....†# ##. #.##
#######......# #. ##4##
###.....###...## ## ##.##
##.........###..# #
##X####.....#.....###.# #
##.X......###.....##.#
########.X.4...18....##.#
...#
#.....#####.....#.#######
...# #..#..#
#..#..#.......# ...#
#..#..# #..#..#.......#
...# #.....##
##.....#.......### ####
##.....#
#.....##..........
#.....###.....##.###.#..##
##...........##..# #....#
##....#....###.## #>.#.#


You could see an Executioner (fast), a large abomination and an ice devil.

Vanquished Creatures
  the Royal Jelly (Slime:5)
  5 dread liches
  9 ancient liches
  3 orbs of fire
  A pandemonium lord (Zot:4)
  A royal mummy (Crypt:3)
  A juggernaut (Depths:3)
  Boris (thrice) (Vaults:4 Crypt:1 Depths:4)
  Vv (Depths:2)
  Parghit (Depths:3)
  5 Killer Klowns
  5 curse toes
  8 golden dragons
  Norris (Vaults:1)
  2 bone dragons
  A profane servitor (D:10)
  3 doom hounds (Depths:3)
  Arachne (Spider:3)
  6 electric golems (Zot:5)
  2 Tzitzimimeh (Depths:3)
  A Brimstone Fiend (Zot:5)
  Rupert (D:15)
  Jorgrun (D:13)
  15 tentacled monstrosities
  An Ice Fiend (Zot:2)
  A Hell Sentinel (Zot:3)
  27 Orb Guardians
  Mlioglotl (Swamp:3)
  A deep elf master archer (Elf:3)
  9 liches
  2 deep elf blademasters (Elf:3)
  Grunn (Depths:3)
  3 titans (Vaults:5)
  6 quicksilver dragons
  16 acid blobs
  13 death cobs
  13 sphinxes
  5 ancient champions
  17 storm dragons
  Gastronok (Lair:2)
  11 shadow dragons
  7 tengu reavers
  A daeva (Depths:4)
  2 revenants (Crypt:1)
  10 azure jellies
  5 draconian monks
  5 protean progenitors (Zot:1)
  7 draconian knights
  11 fire giants
  12 rockslimes
  23 vault wardens
  4 deep elf elementalists
  11 deep elf sorcerers
  6 draconian scorchers
  8 draconian shifters
  3 curse skulls
  5 emperor scorpions
  Louise (Swamp:4)
  8 frost giants
  3 caustic shrike zombies
  3 iron dragons
  A juggernaut zombie (Crypt:2)
  4 reapers
  9 ghost moths
  2 balrugs
  5 draconian stormcallers
  3 cacodemons (Crypt:1)
  5 draconian annihilators
  4 formless jellyfish
  18 ironbound preservers
  14 ghouls
  A spriggan defender (Depths:3)
  10 quicksilver oozes
  9 very ugly things
  2 caustic shrike skeletons (Crypt:1)
  A putrid mouth (Depths:3)
  14 green draconians
  5 vampire knights
  18 stone giants
  8 ironbound thunderhulks
  4 eleionomae
  7 deep elf demonologists
  10 red draconians
  9 black draconians
  7 deep elf annihilators
  Azrael (D:15)
  2 war gargoyles (Vaults:5)
  16 dire elephants
  11 purple draconians
  3 bunyips
  13 deep elf death magi
  9 yellow draconians
  7 white draconians
  11 spark wasps
  2 green deaths (Depths:2)
  A crystal guardian (Vaults:3)
  11 ettins
  A blizzard demon (Depths:4)
  A mummy priest (WizLab)
  19 eidola
  14 yaktaur captains
  6 entropy weavers
  A shambling mangrove (Swamp:4)
  6 fire dragons
  5 jiangshi
  5 deep elf high priests
  15 great orbs of eyes
  4 rakshasas
  30 vault guards
  8 hydras
  A fenstrider witch zombie (Crypt:3)
  A quicksilver dragon skeleton (Crypt:3)
  Fannar (Lair:3)
  5 ice dragons
  3 peacekeepers (Vaults:3)
  7 alligators
  6 boulder beetles
  3 spriggan air magi
  Erolcha (Orc:1)
  11 centaur warriors
  5 ghost crabs
  2 sphinx zombies (WizLab)
  A death knight (Crypt:2)
  5 ironbound frosthearts
  4 ogre magi
  2 jorogumos
  9 dancing weapons
  6 death scarabs
  A merfolk avatar (Lair:5)
  4 radroaches
  11 two-headed ogres
  5 spriggan berserkers
  A hell hog (D:7)
  2 tengu warriors
  6 deep troll earth magi
  2 death yaks (IceCv)
  5 deep troll shamans
  9 demonic crawlers
  14 hell knights
  A titan zombie (Vaults:4)
  Urug (Lair:3)
  8 vampire magi
  An occultist (Swamp:1)
  9 soul eaters
  A titan skeleton (Crypt:3)
  2 sun demons
  5 skysharks
  6 iron trolls
  2 storm dragon zombies (Crypt:1)
  8 deep elf knights
  11 skeletal warriors
  4 goliath frogs
  2 shadow wraiths (Crypt:1)
  A spark wasp zombie (Depths:1)
  3 sixfirhies
  A fire crab (shapeshifter) (Vaults:5)
  11 pharaoh ants
  7 swamp dragons
  A storm dragon skeleton (Depths:1)
  A shadow demon (Depths:4)
  A death drake (Swamp:4)
  4 flayed ghosts
  54 deep trolls
  10 orb spiders
  7 arcanists
  8 bog bodies
  5 spriggan druids
  A spectral alligator (Swamp:4)
  A sun moth (Spider:4)
  15 phantasmal warriors
  A shadow dragon zombie (WizLab)
  7 harpies
  3 anaconda skeletons
  9 deep elf archers
  19 deep elf zephyrmancers
  9 steelbarb worms
  2 bunyip skeletons (Crypt:3)
  39 ugly things
  4 spectral hydras (Swamp:4)
  3 wolf spider zombies
  3 iron dragon zombies
  19 necromancers
  5 lindwurms (Vaults:2)
  22 wolf spiders
  Pikel (D:8)
  A broodmother zombie (Spider:4)
  21 ironbound convokers
  2 alligator zombies (Swamp:4)
  2 orc knights (Orc:2)
  6 shining eyes
  22 deep elf pyromancers
  A frost giant zombie (Crypt:2)
  2 orc sorcerers (D:15)
  A stone giant zombie (Crypt:3)
  4 will-o-the-wisps
  A shadow dragon skeleton (Crypt:3)
  A fire giant zombie (WizLab)
  11 cyclopes
  2 manticores
  3 elephants (Lair:5)
  A jorogumo skeleton (Crypt:1)
  35 moths of wrath
  A fire giant skeleton (Depths:1)
  An elf skeleton (Vaults:4)
  2 salamanders (Depths:1)
  A manticore (shapeshifter) (Depths:3)
  A frost giant skeleton (Crypt:2)
  4 centaur zombies (Crypt:3)
  15 vault sentinels
  3 meliai (Spider:4)
  3 black mambas (Lair:5)
  2 dire elephant zombies (Crypt:3)
  An apocalypse crab (Swamp:3)
  2 human skeletons (Vaults:4)
  A rust devil (Depths:2)
  An eye of devastation (Slime:1)
  A catoblepas zombie (Crypt:3)
  11 cane toads
  A smoke demon (Depths:4)
  A pale draconian zombie (Crypt:2)
  A large abomination (Swamp:3)
  An ice statue (IceCv)
  7 torpor snails
  Maggie (D:8)
  2 centaur skeletons
  A hellion (D:1)
  3 dire elephant skeletons (Crypt:3)
  4 gargoyles
  2 unseen horrors
  2 rime drakes
  7 freezing wraiths
  2 kobold demonologists (D:12)
  An alligator snapping turtle skeleton (Crypt:1)
  A rime drake (shapeshifter) (D:13)
  11 komodo dragons
  25 yaktaurs
  A red draconian skeleton (Crypt:1)
  6 tengu conjurers
  A spectral redback (Spider:4)
  8 swamp worm zombies (Swamp:4)
  An ice devil (Zot:5)
  A white draconian skeleton (Crypt:1)
  2 efreet (D:15)
  11 tyrant leeches
  4 guardian mummies
  11 trolls
  A bloated husk (Swamp:4)
  5 hydra zombies (Swamp:4)
  12 hellwings (Crypt:3)
  2 spectral culicivoras (Spider:4)
  2 harpy zombies (Crypt:3)
  13 polar bears
  3 spectral jumping spiders (Spider:4)
  2 harpy skeletons (Crypt:1)
  2 ettin zombies
  32 tarantellas
  21 hornets
  A fire dragon zombie (Crypt:2)
  2 jumping spider zombies (Spider:4)
  2 spectral swamp dragons (Swamp:4)
  A spectral tarantella (Spider:4)
  3 spriggan zombies
  12 dream sheep (Lair:5)
  2 tarantella zombies (Spider:4)
  12 blink frogs
  A culicivora zombie (Spider:4)
  61 slime creatures
  17 culicivoras
  A stone giant simulacrum (Crypt:1)
  An ettin skeleton (Depths:1)
  A jumping spider (shapeshifter) (Vaults:5)
  17 spriggans
  34 jumping spiders
  A vampire (D:11)
  9 wraiths
  2 shadows
  5 water elementals
  A ynoxinul (D:11)
  9 wyverns
  37 yaks
  A human (D:14)
  A black mamba skeleton (Crypt:1)
  3 fire bats (Lair:2)
  A basilisk (shapeshifter) (Elf:3)
  2 basilisks
  2 fire elementals (Elf:3)
  6 wargs
  A tyrant leech zombie (Swamp:4)
  27 redbacks
  2 steam dragons
  21 vampire mosquitoes
  A death yak simulacrum (Orc:2)
  2 naga zombies
  19 swamp worms
  A swamp worm (shapeshifter) (Depths:2)
  A glowing shapeshifter zombie (WizLab)
  3 deep troll zombies
  4 hell hounds (D:15)
  An acid dragon (D:11)
  5 swamp drakes
  15 water moccasins
  A merfolk skeleton (Crypt:2)
  An ice beast (shapeshifter) (Elf:3)
  17 orc warriors
  A black bear (shapeshifter) (D:14)
  An ice beast (D:6)
  3 sky beasts
  2 swamp dragon zombies (Swamp:4)
  A black bear (D:6)
  4 laughing skulls (Crypt:2)
  21 ogres
  29 wolves
  7 phantoms
  14 centaurs
  5 kobold brigands
  A weeping skull (Volcano)
  4 necrophages
  A brain worm (D:3)
  3 gnoll sergeants
  6 scorpions
  A two-headed ogre simulacrum (Orc:2)
  11 bullfrogs
  4 earth elementals
  A human simulacrum (Vaults:4)
  10 wyvern skeletons (Crypt:3)
  A hornet simulacrum (D:15)
  16 wights
  Dowan (D:5)
  5 killer bees (D:10)
  2 spriggan skeletons
  A tengu skeleton (Depths:1)
  An elephant simulacrum (Orc:2)
  A shapeshifter zombie (WizLab)
  A yak skeleton (Crypt:2)
  10 howler monkeys
  7 electric eels
  2 troll skeletons (Volcano)
  2 bombardier beetles (D:3)
  2 hounds
  2 jellies
  15 orc priests
  A gnoll bouda (D:7)
  8 iguanas
  14 orc wizards
  A sleepcap (D:4)
  Ijyb (D:3)
  Natasha (thrice) (D:2)
  4 spriggan simulacra (Orc:2)
  A boggart skeleton (D:15)
  A statue (D:9)
  A deep dwarf zombie (Crypt:1)
  2 naga skeletons
  An ogre skeleton (Crypt:1)
  A boggart simulacrum (D:15)
  2 mummies (Crypt:3)
  27 gnolls
  A naga simulacrum (Orc:2)
  5 adders
  3 white imps
  4 ufetubi
  A lava snake skeleton (Crypt:2)
  A dart slug (D:1)
  67 orcs
  4 endoplasms
  3 giant cockroaches
  20 goblins
  4 hobgoblins
  4 jackals (D:2)
  22 kobolds
  A quokka (D:1)
  11 ball pythons
  5 bats
  3 frilled lizards
  A giant cockroach zombie (Crypt:2)
  4 rats
  5 aspiring fleshes (Zot:1)
  3 butterflies
  A spectral weapon (Elf:3)
2374 creatures vanquished.

Vanquished Creatures (collateral kills)
  A bloated husk (Swamp:4)
  A hell hound (D:15)
2 creatures vanquished.

Vanquished Creatures (others)
  A goliath frog (Swamp:1)
  A necromancer (Crypt:1)
  A bloated husk (Swamp:4)
  A slime creature (Slime:2)
  A phantom (Swamp:4)
  3 starspawn tentacles (Swamp:3)
8 creatures vanquished.

Grand Total: 2384 creatures vanquished

Notes
Turn   | Place    | Note
-------+----------+-------------------------------------------
     0 | D:1      | RepoMan the Felid Fighter began the quest for the Orb.
     0 | D:1      | Reached XP level 1. HP: 12/12 MP: 2/2
   399 | D:1      | Reached XP level 2. HP: 16/16 MP: 3/3
   498 | D:1      | Found a faded altar of an unknown god.
   971 | D:2      | Noticed Natasha
   975 | D:2      | Killed Natasha
   976 | D:2      | Reached skill level 5 in Unarmed Combat
   976 | D:2      | Reached XP level 3. HP: 14/20 MP: 4/4
  1324 | D:2      | Reached XP level 4. HP: 24/24 MP: 5/5
  1324 | D:2      | Gained a life (2 lives remaining)
  1342 | D:2      | Noticed Natasha
  1349 | D:2      | Killed Natasha
  1350 | D:2      | Reached skill level 1 in Stealth
  1377 | D:2      | Noticed Natasha
  1385 | D:2      | Killed Natasha
  1813 | D:3      | Found a glowing golden altar of the Shining One.
  2034 | D:3      | Noticed Sigmund
  2035 | D:3      | Sigmund changed into Sigmund the bombardier beetle
  2035 | D:3      | Noticed Sigmund
  2052 | D:3      | Killed Sigmund the bombardier beetle
  2053 | D:3      | Reached XP level 5. HP: 28/28 MP: 6/6
  2169 | D:3      | Reached skill level 6 in Unarmed Combat
  2534 | D:3      | Found a bloodstained altar of Trog.
  2547 | D:3      | Reached skill level 5 in Dodging
  2547 | D:3      | Gained mutation: You are covered in thick fur. (AC +2)
                  | [Felid growth]
  2547 | D:3      | Reached XP level 6. HP: 33/33 MP: 7/7
  2611 | D:3      | Noticed Ijyb
  2662 | D:3      | Killed Ijyb
  2755 | D:4      | Got Sif Muna's Collected Works on Gathered Ouranomancy
  3106 | D:4      | Found Ihugh's Distillery.
  3114 | D:4      | Bought a potion of degeneration for 14 gold pieces
  3114 | D:4      | Bought a potion of curing for 42 gold pieces
  3114 | D:4      | Bought a potion of haste for 140 gold pieces
  3114 | D:4      | Bought a potion of lignification for 42 gold pieces
  3217 | D:4      | Reached skill level 1 in Evocations
  3217 | D:4      | Reached XP level 7. HP: 37/37 MP: 8/8
  3359 | D:5      | Entered Level 5 of the Dungeon
  3371 | D:5      | Reached skill level 7 in Unarmed Combat
  3372 | D:5      | Found a staircase to the Ecumenical Temple.
  3437 | Temple   | Entered the Ecumenical Temple
  3446 | Temple   | Became a worshipper of the Wu Jian Council
  3490 | D:5      | Found a shimmering altar of Xom.
  3507 | D:5      | Noticed Dowan
  3550 | D:5      | Reached XP level 8. HP: 24/42 MP: 9/9
  3557 | D:5      | Reached skill level 5 in Fighting
  3784 | D:5      | Learned a level 1 spell: Apportation
  3788 | D:5      | Learned a level 3 spell: Volatile Blastmotes
  3930 | D:5      | Found a sparkling altar of Nemelex Xobeh.
  3940 | D:5      | Noticed Duvessa
  3941 | D:5      | Duvessa changed into Duvessa the rat
  3941 | D:5      | Noticed Duvessa
  3951 | D:5      | Killed Dowan
  3952 | D:5      | Killed Duvessa the rat
  4076 | D:6      | Reached * piety under Wu Jian
  4095 | D:5      | Reached skill level 8 in Unarmed Combat
  4249 | D:6      | Identified the +1 ring mail of Agnosticism {rF- Int+5
                  | Slay-2}
  4624 | D:6      | Reached skill level 9 in Unarmed Combat
  4841 | D:6      | Reached XP level 9. HP: 35/48 MP: 10/10
  5645 | D:7      | Reached ** piety under Wu Jian
  5646 | D:7      | Reached skill level 10 in Unarmed Combat
  5759 | D:7      | Noticed a komodo dragon
  5760 | D:7      | Noticed a komodo dragon
  6008 | D:8      | Noticed a komodo dragon
  6009 | D:8      | Found a staircase to the Lair.
  6298 | D:8      | Noticed a manticore
  6460 | D:8      | Found a white marble altar of Elyvilon.
  6491 | D:8      | Noticed Maggie
  6550 | D:8      | Killed a komodo dragon
  6576 | D:8      | Reached XP level 10. HP: 43/55 MP: 11/11
  6688 | D:8      | Noticed Pikel
  6693 | D:8      | Killed Pikel
  6694 | D:8      | Reached skill level 11 in Unarmed Combat
  7189 | D:8      | Killed a manticore
  7190 | D:8      | Reached skill level 10 in Dodging
  7425 | D:9      | Reached *** piety under Wu Jian
  7540 | D:9      | Noticed a two-headed ogre
  7547 | D:9      | Killed a two-headed ogre
  7670 | D:9      | Found Kusm's Antique Weapon Emporium.
  7746 | D:9      | Noticed a cyclops
  7752 | D:9      | Killed a cyclops
  7753 | D:9      | Reached skill level 12 in Unarmed Combat
  7854 | D:9      | Found Venaf's Book Shop.
  7888 | D:9      | Found Yxocotsi's Jewellery Emporium.
  8001 | D:9      | Found Exayjafu's Weapon Shoppe.
  8198 | D:9      | Found a staircase to the Orcish Mines.
  8267 | D:9      | Found Pofig's Distillery.
  8271 | D:9      | Bought a potion of heal wounds for 60 gold pieces
  8316 | D:9      | Found a radiant altar of Vehumet.
  8452 | D:10     | Entered Level 10 of the Dungeon
  8459 | D:10     | Found a flagged portal.
  8484 | Bailey   | Entered a bailey
  8616 | Bailey   | Reached **** piety under Wu Jian
  8812 | Bailey   | Noticed an orc knight
  8812 | Bailey   | Noticed an orc knight
  8838 | D:10     | Reached XP level 11. HP: 39/60 MP: 12/12
  9070 | D:10     | Reached skill level 1 in Translocations
  9489 | D:10     | Reached skill level 1 in Spellcasting
  9510 | D:10     | Reached skill level 1 in Fire Magic
 10035 | D:9      | Bought a book of Minor Magic for 272 gold pieces
 10038 | D:9      | Learned a level 2 spell: Blink
 10091 | D:9      | Bought a potion of curing for 36 gold pieces
 10164 | Lair:1   | Entered Level 1 of the Lair of Beasts
 10873 | Lair:2   | Found a hole to the Spider Nest.
 10874 | Lair:2   | Noticed Gastronok
 10915 | Lair:2   | Reached skill level 13 in Unarmed Combat
 11293 | Lair:2   | Reached skill level 5 in Translocations
 11310 | Lair:2   | Reached ***** piety under Wu Jian
 11350 | Lair:2   | Found a dark tunnel.
 11418 | Volcano  | Entered a volcano
 11591 | Volcano  | Reached skill level 1 in Shapeshifting
 11591 | Volcano  | Gained mutation: Your thick and shaggy fur keeps you warm.
                  | (AC +3, rC+) [Felid growth]
 11591 | Volcano  | Reached XP level 12. HP: 67/67 MP: 14/14
 11887 | Lair:2   | Reached skill level 5 in Shapeshifting
 12192 | Lair:2   | Found a staircase to the Swamp.
 12342 | Lair:3   | Noticed Urug
 12348 | Lair:3   | Killed Urug
 12540 | Lair:3   | Noticed a six-headed hydra
 12543 | Lair:3   | Killed a six-headed hydra
 12704 | Lair:3   | Noticed Fannar
 12711 | Lair:3   | Killed Fannar
 12724 | Lair:3   | Reached skill level 10 in Fighting
 12910 | Lair:3   | Reached skill level 5 in Stealth
 13744 | Lair:4   | Reached XP level 13. HP: 72/72 MP: 15/15
 14485 | Lair:5   | Entered Level 5 of the Lair of Beasts
 14522 | Lair:5   | Reached skill level 14 in Unarmed Combat
 14740 | Lair:5   | Found a basalt altar of Yredelemnul.
 15453 | Lair:5   | Found a runed translucent door.
 15454 | Lair:5   | Noticed an azure jelly
 15455 | Lair:5   | Found a viscous altar of Jiyva.
 15456 | Lair:5   | Found a staircase to the Slime Pits.
 15456 | Lair:5   | Noticed an azure jelly
 15940 | D:4      | Bought a potion of resistance for 140 gold pieces
 15940 | D:4      | Bought a potion of invisibility for 112 gold pieces
 15940 | D:4      | Bought a potion of cancellation for 112 gold pieces
 15940 | D:4      | Bought a potion of might for 56 gold pieces
 16345 | D:7      | Got Ixzem's Spellbook of Scintillating Esoterica
 16458 | D:8      | Killed Maggie
 16587 | Orc:1    | Entered Level 1 of the Orcish Mines
 16597 | Orc:1    | Reached skill level 10 in Translocations
 16795 | Orc:1    | Noticed Erolcha
 16801 | Orc:1    | Killed Erolcha
 16844 | Orc:1    | Reached skill level 15 in Unarmed Combat
 16933 | Orc:2    | Entered Level 2 of the Orcish Mines
 17145 | Orc:2    | Found a frozen archway.
 17168 | IceCv    | Entered an ice cave
 17235 | IceCv    | Reached XP level 14. HP: 57/79 MP: 16/16
 17735 | IceCv    | Noticed a frost giant
 17793 | IceCv    | Killed a frost giant
 17998 | Orc:2    | Reached ****** piety under Wu Jian
 18070 | Orc:2    | Found a staircase to the Elven Halls.
 18071 | Orc:2    | Found Oggextui's Book Shoppe.
 18322 | Orc:2    | Reached skill level 16 in Unarmed Combat
 18323 | Orc:2    | Reached skill level 10 in Stealth
 18350 | Orc:2    | Found Rusiwine's Antique Armour Emporium.
 18373 | Orc:2    | Found Piwoash's General Store.
 18421 | Orc:2    | Found Mirunk's Antique Armour Emporium.
 18424 | Orc:2    | Bought a potion of curing for 51 gold pieces
 18932 | D:9      | Bought Maxwell's Memoranda for 680 gold pieces
 18937 | D:9      | Learned a level 4 spell: Vhi's Electric Charge
 19124 | D:11     | Learned a level 4 spell: Passage of Golubria
 19131 | D:11     | Found a portal to a secret trove of treasure.
 19612 | D:11     | Reached skill level 1 in Air Magic
 20295 | D:12     | Identified the +0 pair of boots of the Hart {rF- Int+3
                  | Dex+7}
 20353 | D:12     | Found Laohyis's Distillery.
 20367 | D:12     | Bought a potion of curing for 45 gold pieces
 20367 | D:12     | Bought a potion of curing for 45 gold pieces
 20367 | D:12     | Bought a potion of curing for 45 gold pieces
 20367 | D:12     | Bought a potion of heal wounds for 75 gold pieces
 21183 | D:13     | Reached XP level 15. HP: 84/84 MP: 18/20
 21284 | D:13     | Noticed Jorgrun
 21287 | D:13     | Killed Jorgrun
 22081 | D:14     | Found a gate to the Vaults.
 22480 | D:14     | Found a runed translucent door.
 22482 | D:14     | Noticed Onucvo's ghost (journeyman FoFi)
 22803 | D:15     | Entered Level 15 of the Dungeon
 22877 | D:15     | Noticed Rupert
 22879 | D:15     | Killed Rupert
 22879 | D:15     | Reached skill level 15 in Dodging
 22954 | D:15     | Identified the +3 scale mail of the Serpent {Str+2}
 22987 | D:15     | Noticed Azrael
 23002 | D:15     | Killed Azrael
 23190 | D:15     | Identified the +0 robe of Tiublab {rC+ Archmagi}
 23345 | D:15     | Found a staircase to the Depths.
 23753 | Spider:1 | Entered Level 1 of the Spider Nest
 23800 | Spider:1 | You fall into a shaft and drop 1 floor!
 24012 | Spider:1 | Reached skill level 17 in Unarmed Combat
 25619 | Spider:2 | Reached XP level 16. HP: 56/90 MP: 0/21
 26124 | Spider:2 | Learned a level 4 spell: Manifold Assault
 26246 | Spider:2 | Reached skill level 5 in Air Magic
 26846 | Spider:3 | Reached skill level 18 in Unarmed Combat
 27261 | Spider:3 | Noticed Arachne
 27403 | Spider:3 | Killed Arachne
 27694 | Spider:4 | Entered Level 4 of the Spider Nest
 28986 | Spider:4 | Reached skill level 19 in Unarmed Combat
 28989 | Spider:4 | Reached XP level 17. HP: 57/96 MP: 22/22
 30040 | Spider:4 | Got a gossamer rune of Zot
 30177 | Spider:4 | Identified the +0 flail "Omelette" {flame, rPois rC+ Str+3
                  | Dex+3}
 30420 | Swamp:1  | Entered Level 1 of the Swamp
 30812 | Swamp:1  | Identified the +2 cloak of Dishonour {rPois rC- rN+++}
 31718 | Swamp:2  | Reached skill level 20 in Unarmed Combat
 32098 | Swamp:2  | Found a runed translucent door.
 32178 | Swamp:3  | Found a transporter.
 32365 | Swamp:3  | Found a transporter.
 32529 | Swamp:3  | Noticed Mlioglotl
 32620 | Swamp:3  | Killed Mlioglotl
 32785 | Swamp:3  | Reached skill level 15 in Fighting
 32902 | Swamp:3  | Noticed a tentacled monstrosity
 33220 | Swamp:3  | Noticed Iffuusoj's ghost (adept MiBe)
 33282 | Swamp:4  | Entered Level 4 of the Swamp
 33385 | Swamp:4  | Reached XP level 18. HP: 58/104 MP: 23/23
 33516 | Swamp:4  | Noticed Louise
 33556 | Swamp:4  | Killed Louise
 34813 | Swamp:4  | Reached skill level 21 in Unarmed Combat
 35282 | Swamp:4  | Noticed a bone dragon
 35294 | Swamp:4  | Killed a bone dragon
 35738 | Swamp:4  | Got a decaying rune of Zot
 35810 | Swamp:3  | Found a one-way gate to the infinite horrors of the Abyss.
 35813 | Swamp:3  | Identified the serpent talisman of Purpose {rCorr Int-5
                  | Dex+9 Slay-5}
 35822 | Swamp:3  | Learned a level 2 spell: Lesser Beckoning
 35901 | Lair:2   | Killed Gastronok
 36065 | D:4      | Bought a potion of brilliance for 56 gold pieces
 36065 | D:4      | Bought 2 potions of cancellation for 224 gold pieces
 36179 | D:9      | Bought a potion of haste for 120 gold pieces
 36179 | D:9      | Bought 3 potions of curing for 108 gold pieces
 36179 | D:9      | Bought a potion of lignification for 36 gold pieces
 36179 | D:9      | Bought 2 potions of mutation for 192 gold pieces
 36179 | D:9      | Bought a potion of cancellation for 96 gold pieces
 36285 | D:12     | Bought a potion of lignification for 45 gold pieces
 36285 | D:12     | Bought 2 potions of invisibility for 240 gold pieces
 36285 | D:12     | Bought a potion of might for 60 gold pieces
 36285 | D:12     | Bought a potion of haste for 150 gold pieces
 36285 | D:12     | Bought a potion of lignification for 45 gold pieces
 36285 | D:12     | Bought a potion of lignification for 45 gold pieces
 36441 | Elf:1    | Entered Level 1 of the Elven Halls
 36736 | Elf:1    | Found Geal's Distillery.
 36742 | Elf:1    | Found Uvij's Assorted Antiques.
 36746 | Elf:1    | Bought a potion of might for 52 gold pieces
 36746 | Elf:1    | Bought a potion of brilliance for 52 gold pieces
 36746 | Elf:1    | Bought a potion of curing for 39 gold pieces
 36746 | Elf:1    | Bought a potion of curing for 39 gold pieces
 36746 | Elf:1    | Bought a potion of cancellation for 104 gold pieces
 36752 | Elf:1    | Bought a scroll of identify for 64 gold pieces
 36752 | Elf:1    | Bought a scroll of fog for 128 gold pieces
 36752 | Elf:1    | Bought a potion of enlightenment for 160 gold pieces
 36754 | Elf:1    | Identified 3 scrolls of acquirement
 36757 | Elf:1    | Acquired 677 gold pieces
 36759 | Elf:1    | Acquired the amulet "Quradauv" {Regen+ Dex+4}
 36773 | Elf:1    | Acquired the Book of Disjunct Sparks
 37491 | Elf:2    | Found a huge runed translucent gate.
 37491 | Elf:2    | Found a huge runed translucent gate.
 37491 | Elf:2    | Found a huge runed translucent gate.
 37491 | Elf:2    | Found a huge runed translucent gate.
 37493 | Elf:2    | Found a huge runed translucent gate.
 37603 | Elf:3    | Entered Level 3 of the Elven Halls
 37645 | Elf:3    | Learned a level 5 spell: Silence
 37660 | Elf:3    | Reached skill level 1 in Hexes
 38317 | Elf:3    | Reached skill level 5 in Hexes
 38332 | Elf:3    | Killed from afar by a deep elf elementalist
 38332 | Elf:3    | Lost a life (1 life remaining)
 38385 | Elf:3    | Reached XP level 19. HP: 49/109 MP: 24/24
 38385 | Elf:3    | Gained a life (2 lives remaining)
 38593 | Elf:3    | Identified the +6 mace of Premature Burial {spect, rElec
                  | Str+3 Dex+2}
 38596 | Elf:3    | Identified the +5 glaive of Ipse Dixit {antimagic, Will+++
                  | Str-2 Int-3 Stlth+}
 38600 | Elf:3    | Identified the +5 great sword of the Toadstool {speed,
                  | rN++}
 38600 | Elf:3    | Identified the ring of Maif {rPois MP+9 Str+3 Dex+6 SInv}
 38603 | Elf:3    | Reached skill level 10 in Hexes
 38680 | Elf:3    | Identified the +8 longbow of the Evil Eye {speed, rCorr
                  | Dex+3}
 38833 | Elf:3    | Identified the +4 battleaxe of the Volcano {venom, +Blink
                  | rN+}
 38838 | Elf:3    | Identified the staff "Ciusobe" {*Slow Str+2 SInv Stlth+
                  | Conj}
 39223 | Vaults:1 | Entered Level 1 of the Vaults
 39444 | Vaults:1 | Reached skill level 5 in Evocations
 39575 | Vaults:1 | Found a runed translucent door.
 40152 | Vaults:1 | Noticed Norris
 40163 | Vaults:1 | Killed Norris
 40447 | Vaults:2 | Reached XP level 20. HP: 114/114 MP: 27/27
 40523 | Vaults:2 | Reached skill level 10 in Shapeshifting
 40603 | Vaults:2 | Found a staircase to the Crypt.
 41602 | Vaults:3 | Identified the +5 cloak "Fileneoc" {rF++ Int-2}
 42194 | Vaults:3 | Paralysed by a sphinx for 2 turns
 42195 | Vaults:3 | Mangled by an ironbound preserver
 42195 | Vaults:3 | Lost a life (1 life remaining)
 43013 | Vaults:4 | Noticed Boris
 43018 | Vaults:4 | Killed Boris
 43514 | Vaults:4 | Identified the +8 dagger of the Equinox {vamp, Str-2 Int+5
                  | Dex+2 SInv}
 43579 | Vaults:4 | Reached XP level 21. HP: 119/119 MP: 28/28
 43579 | Vaults:4 | Gained a life (2 lives remaining)
 43680 | Vaults:4 | Identified the amulet of Baajusess {Reflect ^Fragile Str+8
                  | SH+5 Stlth+}
 43830 | Vaults:4 | Identified the +6 plate armour of Makhleb's Generosity
                  | {Harm rF+ Regen+ MP+9}
 44145 | Crypt:1  | Entered Level 1 of the Crypt
 44158 | Crypt:1  | Reached skill level 15 in Shapeshifting
 44506 | Crypt:1  | Found a transporter.
 44676 | Crypt:1  | Found a transporter.
 44748 | Crypt:1  | Noticed Boris
 44757 | Crypt:1  | Killed Boris
 44923 | Crypt:1  | Noticed an ancient lich
 44934 | Crypt:1  | Killed an ancient lich
 45027 | Crypt:1  | Gained mutation: You occasionally lose the ability to read
                  | scrolls when taking damage. [a cacodemon]
 45092 | Crypt:1  | Identified the ring "Wovoots" {Int+2 Slay+4 Stlth+}
 45103 | Crypt:1  | Identified the amulet "Qidiraax" {Spirit rPois Will- MP+9
                  | Dex+9}
 45130 | Crypt:1  | Identified the ring "Jobimou" {rPois rF+ AC+4 Stlth+}
 45321 | Crypt:2  | Found a magical portal.
 45348 | Crypt:2  | Lost mutation: You occasionally lose the ability to read
                  | scrolls when taking damage. [potion of mutation]
 45348 | Crypt:2  | Gained mutation: You expend magic power (3 MP) to
                  | strengthen your wands. [potion of mutation]
 45364 | WizLab   | Entered Doroklohe's Tomb
 45529 | WizLab   | Noticed an ancient lich
 45534 | WizLab   | Killed an ancient lich
 46326 | Crypt:3  | Entered Level 3 of the Crypt
 46421 | Crypt:3  | Reached XP level 22. HP: 123/123 MP: 29/29
 46809 | Crypt:3  | Found an ancient bone altar of Kikubaaqudgha.
 46894 | Crypt:3  | Noticed an ancient lich
 46906 | Crypt:3  | Killed an ancient lich
 46931 | Crypt:3  | Identified the +1 buckler of Vehumet's Envy {rElec rPois
                  | Str+3}
 46987 | Crypt:3  | Reached skill level 22 in Unarmed Combat
 47417 | Crypt:3  | Found a staircase to the Tomb.
 47417 | Crypt:3  | Noticed a royal mummy
 47418 | Crypt:3  | Killed a royal mummy
 48037 | Depths:1 | Entered Level 1 of the Depths
 48125 | Depths:1 | Found a one-way gateway to a ziggurat.
 48395 | Depths:1 | Got the Guide on the Quarry
 48602 | Depths:1 | Found a gateway to Hell.
 48778 | Depths:2 | Noticed Vv
 48794 | Depths:2 | Noticed a dread lich
 48810 | Depths:2 | Killed a dread lich
 48834 | Depths:2 | Killed Vv
 48843 | Depths:2 | Reached XP level 23. HP: 121/130 MP: 30/30
 48929 | Depths:2 | Found a one-way gate leading to the halls of Pandemonium.
 49357 | Depths:3 | Found Nottos Uhyi's Jewellery Shop.
 49469 | Depths:3 | Identified the ring "Zorchac" {rPois Str+6}
 49480 | Depths:3 | Reached skill level 23 in Unarmed Combat
 49482 | Depths:3 | Noticed a juggernaut
 49490 | Depths:3 | Killed a juggernaut
 49570 | Depths:3 | Identified the amulet "Roreyx" {Faith ^Fragile Fly Int+4
                  | Stlth+}
 49574 | Depths:3 | Identified the ring "Ojor" {Fly rElec SInv}
 49581 | Depths:3 | Identified the ring "Bommyeta" {rF+ rC+ Dex+4 SInv Stlth-}
 50086 | Depths:3 | Noticed Parghit
 50110 | Depths:3 | Killed Parghit
 50204 | Depths:3 | Noticed Grunn
 50414 | Depths:4 | Entered Level 4 of the Depths
 50596 | Depths:4 | Noticed Boris
 50622 | Depths:4 | Killed Boris
 50739 | Depths:4 | Found a runed translucent door.
 50739 | Depths:4 | Found a glowing golden altar of the Shining One.
 50753 | Depths:4 | Identified the ring of Wim Solah {^Contam rC++ rN++ MP+9}
 50965 | Depths:4 | Found a gate to the Realm of Zot.
 51059 | Depths:4 | Found a runed translucent gate.
 51059 | Depths:4 | Found a runed translucent gate.
 51059 | Depths:4 | Found a runed translucent gate.
 51060 | Depths:4 | Noticed Udadeo's ghost (legendary GrEE)
 51061 | Depths:4 | Noticed Xuixaaf's ghost (veteran DEFE)
 51061 | Depths:4 | Noticed Gemnonof's ghost (adept DgCj)
 51251 | Depths:4 | Identified the +1 pair of gloves "Givafim" {^Drain rC++
                  | Regen+ Str+3}
 51304 | Depths:4 | Found Danikhit's Jewellery Shoppe.
 51304 | Depths:4 | Found Liarrib's Book Boutique.
 51305 | Depths:4 | Found Essoasetzu's Jewellery Shoppe.
 51613 | Depths:3 | Bought the amulet of Tanotiseo {Reflect rElec rF++ rCorr
                  | Dex-3 SH+5} for 729 gold pieces
 52002 | Slime:1  | Entered Level 1 of the Pits of Slime
 52049 | Slime:2  | Reached skill level 24 in Unarmed Combat
 52104 | Slime:3  | Reached XP level 24. HP: 137/137 MP: 30/30
 52172 | Slime:5  | Entered Level 5 of the Pits of Slime
 52181 | Slime:5  | Gained mutation: You are frail. (-10% HP) [a shining eye]
 52214 | Slime:5  | Noticed the Royal Jelly
 52231 | Slime:5  | Killed the Royal Jelly
 52361 | Slime:5  | Got a slimy rune of Zot
 52363 | Slime:5  | Got a starry gem with 83 turns to spare
 52379 | Slime:5  | Identified the +11 sling of the Empty Page {flame, ^Fragile
                  | rPois rF+++ Stlth+}
 52389 | Slime:5  | Identified the ring of the Riding Gods {rElec rF+ Will+
                  | EV+5 Dex-5}
 52416 | Slime:5  | Identified the ring "Axieblau" {Ice *Slow +Blink Str+6
                  | Int+3}
 52418 | Slime:5  | Lost the starry gem through the power of Zot.
 52430 | Slime:5  | Identified the +3 spear of the Blessed Realm {holy, Dex+3}
 52433 | Slime:5  | Identified the +2 arbalest of the Witching Saviour {flame,
                  | rC++ SInv}
 52514 | Lair:5   | Lost mutation: You expend magic power (3 MP) to strengthen
                  | your wands. [potion of mutation]
 52514 | Lair:5   | Lost mutation: You are frail. (-10% HP) [potion of
                  | mutation]
 52514 | Lair:5   | Gained mutation: Your spells are a little easier to cast,
                  | but a little less powerful. [potion of mutation]
 52514 | Lair:5   | Gained mutation: Your system is resistant to poisons.
                  | (rPois) [potion of mutation]
 52514 | Lair:5   | Gained mutation: You have a pair of small antennae on your
                  | head. [potion of mutation]
 52977 | Vaults:5 | Entered Level 5 of the Vaults
 53102 | Vaults:5 | Got a silver rune of Zot
 53193 | Vaults:5 | Found Xeufull's Antique Weapon Shoppe.
 53333 | Vaults:5 | Reached skill level 25 in Unarmed Combat
 53965 | Vaults:5 | Noticed an ancient lich
 53965 | Vaults:5 | Noticed an ancient lich
 53967 | Vaults:5 | Identified the ring "Ikount" {rF++ EV+5 Dex+3}
 53967 | Vaults:5 | Killed an ancient lich
 53967 | Vaults:5 | Reached XP level 25. HP: 143/143 MP: 30/30
 53971 | Vaults:5 | Found Qiraudos's General Store.
 53975 | Vaults:5 | Killed an ancient lich
 54201 | Vaults:5 | Bought a scroll of blinking for 97 gold pieces
 54213 | Vaults:5 | Got the Incunable of the Loofah
 54585 | D:11     | You paid a toll of 13 scrolls of teleportation to enter a
                  | treasure trove
 54586 | Trove    | Entered a treasure trove
 54597 | Trove    | Identified the ring of Res Nullius {rElec rCorr}
 54607 | Trove    | Identified the +1 scale mail of the Mind {Rampage Will+
                  | Str+2}
 54608 | Trove    | Identified the ring "Ekkyteov" {rElec Will+++ Str+6 Dex-3
                  | Stlth+}
 54616 | Trove    | Identified the ring of Kautef {^Drain rPois rF+ rN+ Str+3}
 54754 | Depths:3 | Killed Grunn
 54884 | Zot:1    | Entered Level 1 of the Realm of Zot
 55052 | Zot:1    | You fall into a shaft and drop 1 floor!
 55510 | Zot:1    | Learned a level 4 spell: Cause Fear
 55521 | Zot:1    | Reached skill level 15 in Stealth
 56986 | Zot:3    | Identified the staff of Toax {rElec rC+ Air}
 57521 | Zot:4    | Reached skill level 26 in Unarmed Combat
 57690 | Zot:4    | Reached XP level 26. HP: 151/151 MP: 4/30
 57690 | Zot:4    | Noticed an orb of fire
 57695 | Zot:4    | Lost mutation: Your spells are a little easier to cast, but
                  | a little less powerful. [an orb of fire]
 57704 | Zot:4    | Killed an orb of fire
 58293 | Zot:5    | Entered Level 5 of the Realm of Zot
 58498 | Zot:5    | Noticed an orb of fire
 58499 | Zot:5    | Noticed an ancient lich
 58502 | Zot:5    | Noticed an ancient lich
 58503 | Zot:5    | Noticed a dread lich
 58503 | Zot:5    | Gained mutation: Your body sometimes deteriorates upon
                  | taking damage. [an orb of fire]
 58504 | Zot:5    | Killed an orb of fire
 58509 | Zot:5    | Killed an ancient lich
 58510 | Zot:5    | Killed an ancient lich
 58514 | Zot:5    | Killed a dread lich
 58561 | Zot:5    | Got the Orb of Zot
 58562 | Zot:5    | Noticed an ancient lich
 58563 | Zot:5    | Noticed a dread lich
 58564 | Zot:5    | Noticed a dread lich
 58564 | Zot:5    | Killed an ancient lich
 58567 | Zot:5    | Killed a dread lich
 58568 | Zot:5    | Noticed an orb of fire
 58568 | Zot:5    | Noticed an ancient lich
 58569 | Zot:5    | Killed a dread lich
 58570 | Zot:5    | Killed an ancient lich
 58573 | Zot:5    | Killed an orb of fire
 58586 | Zot:5    | Reached XP level 27. HP: 158/158 MP: 30/30
 58597 | Zot:5    | Noticed a dread lich
 58601 | Zot:5    | Killed a dread lich
 58641 | Zot:4    | Noticed Tasaf the pandemonium lord
 58644 | Zot:4    | Killed Tasaf the pandemonium lord
 59170 | D:$      | Escaped with the Orb!

Illustrated notes

Levels and vault maps discovered:
D:1:      minmay_arrival_loop, layout_basic, serial_curves, eino_curves_04,
          eino_curves_01, shapermc_ecumenical_altar_pompeii
D:2:      wad_crossroads, layout_loops_ring, hangedman_glass_teeth,
          nrook_mini_backslash, uniq_natasha
D:3:      kennysheep_the_goblin_king, layout_basic, trog_antimagical,
          mainiacjoe_overflow_alcove_4, uniq_sigmund
D:4:      layout_basic, serial_shops, shop
D:5:      layout_rooms, xom_butterflies, lemuel_round_altar,
          minmay_temple_entry_glass, uniq_duvessa
D:6:      layout_loops_ring
D:7:      minmay_blocky_corners, layout_loops_corners, sigmund_army
D:8:      layout_basic, old_standard_altar, david_lair_shrubbed, uniq_pikel,
          uniq_maggie
D:9:      layout_basic, vehumet_statue, erik_orc_2, serial_shops,
          nicolae_shop_gaudy_bauble, shop, shop, nicolae_book_shop_shelving,
          shop
D:10:     layout_layer_cave, enter_bailey_3
D:11:     layout_basic, enter_trove_2
D:12:     layout_basic, serial_shops, nicolae_shop_gibbet_a_chance
D:13:     layout_cave_pods, uniq_jorgrun
D:14:     layout_basic, hellmonk_vaults_keyhole, kennysheep_another_room,
          serial_library, serial_library_regret_index_split_case,
          serial_library_hellmonk_open_square,
          serial_library_hellmonk_small_alcove,
          serial_library_hellmonk_reading_circle,
          serial_library_hellmonk_double_dead_end,
          serial_library_hellmonk_open_cross,
          serial_library_hellmonk_semicircle, serial_library_hellmonk_hallway_b,
          serial_library_hellmonk_big_corner,
          serial_library_regret_index_small_wings, ebering_ghost_reflecting_pool
D:15:     grunt_enter_depths_magical_seal, layout_rooms,
          ebering_dispersal_statue_hall, uniq_rupert, uniq_azrael
Temple:   nicolae_temple_elliptical
Lair:1:   layout_hall_layers, serial_bayou_shore_b
Lair:2:   layout_cave_shapes, minmay_swamp_entry_worms, dummy_spider_entry,
          nicolae_volcano_entry_batcave, uniq_gastronok
Lair:3:   layout_cave_pods, st_stairs_6, uniq_fannar, uniq_urug
Lair:4:   layout_hall_layers, dreamdust_mushroom_princess
Lair:5:   gammafunk_lair_ancient_temple, layout_concentric_octagons,
          slime_entry_2, basic_altar, lemuel_fruit_fields
Swamp:1:  layout_falls_marsh, evilmike_swamp_ruin_rubble_1, swamp_pool_4,
          grunt_hermit_hut
Swamp:2:  gammafunk_mikee_crab_dinner, layout_falls_marsh,
          evilmike_swamp_ruin_house_2
Swamp:3:  layout_basic_swamp, gammafunk_ghost_abyssal_escape,
          evilmike_swamp_ruin_house_3, swamp_pool_5, uniq_mlioglotl
Swamp:4:  swamp_pestilence, layout_basic_swamp, cheibrodos_swamp_pet_leeches,
          uniq_louise
Spider:1: layout_spider_delve, hangedman_spider_tarantella_strand
Spider:2: layout_spider_delve
Spider:3: layout_spider_delve, nicolae_spider_eight_legs, uniq_arachne
Spider:4: floodkiller_spider_rune_tomb
Slime:1:  layout_caves, special_room [special_room_jelly],
          cheibrodos_slime_lost_civilization_7
Slime:2:  layout_caves
Slime:3:  layout_caves, nicolae_slime_phagocytosis
Slime:4:  layout_caves
Slime:5:  slime_pit_nicolae_trefoil
Orc:1:    layout_caves, basic_altar, uniq_erolcha
Orc:2:    st_orc_open, layout_caves, portal_ice_cave_entry_ice_simulacra
Elf:1:    layout_rooms, nicolae_elf_blasts_and_bolts, minmay_shoptagon
Elf:2:    elven_hall_of_blades_hangedman_alternative
          [nooodl_blade_entry_preview], layout_gridlike, serial_corexii_hall,
          corexii_hall_statues_x, chequers_hall_statues_corner_a
Elf:3:    minmay_elf_hall_spiked, layout_geoelf_castle, minivault_27
Vaults:1: vaults_room_fours, ontoclasm_vaults_tryst, nicolae_vaults_prndl,
          nicolae_vaults_tetromino_T_1, v_misc_32, nicolae_vaults_diamond_1,
          vaults_room_fours, v_rooms_5, nicolae_vaults_apartment_1,
          nicolae_vaults_oozy_zoo, vaults_dpeg_ring, v_pattern_1, v_misc_22,
          nicolae_vaults_diamond_1, vaults_room_octagon,
          nicolae_vaults_triangles, ontoclasm_vaults_gateway,
          layout_vaults_omnibox, uniq_norris
Vaults:2: nicolae_vaults_rhombus_5, minmay_crypt_entry_simple_round,
          nicolae_vaults_security_offices_3, nicolae_vaults_closet_pinwheel_4,
          nicolae_vaults_little_squares_4, nicolae_vaults_closet_pinwheel_3,
          ontoclasm_vaults_twist, nicolae_vaults_trapezoid_lopsided_1,
          nicolae_vaults_trapezoid_layered, dpeg_vaults_monster_box,
          vaults_dpeg_doors, vaults_mumra_lcd, nicolae_vaults_ring_of_whatevers,
          nicolae_vaults_diamond_1, layout_vaults_big_cross
Vaults:3: v_pattern_5, nicolae_vaults_ninety_degrees, v_misc_10,
          ontoclasm_vaults_loading_screen, ontoclasm_vaults_eye,
          vaults_mumra_hexcomb, ontoclasm_vaults_bender, ontoclasm_vaults_chip,
          nicolae_vaults_layer_cake_slice, nicolae_vaults_ring_of_whatevers,
          nicolae_vaults_prndl, layout_vaults_quadrants
Vaults:4: nicolae_vaults_more_shelving_2, vaults_room_grid, v_misc_1,
          nicolae_vaults_diamond_1, nicolae_vaults_offset_grid_hallway_1,
          grunt_vaults_focal, nicolae_vaults_layer_cake_slice, v_misc_4,
          v_misc_24, layout_vaults_chaotic_city, uniq_boris
Vaults:5
Crypt:1:  gammafunk_dig_for_victory, layout_basic
Crypt:2:  layout_chaotic_city, mu_enter_wizlab_4, nicolae_crypt_lurching_hallway
Crypt:3:  evilmike_haunted_forest
Depths:1: layout_cave_pools, enter_ziggurat_b, minivault_14, hellmouth_1,
          kennysheep_kite_vault
Depths:2: hellmonk_paralyzer, layout_cave_pools, rand_demon_pan_entry_1,
          hell_entry, uniq_vv
Depths:3: minmay_the_grid_triangle_9x9_recursive_2_mashed
          [minmay_the_grid_triangle_9x9_prize_special,
          minmay_the_grid_triangle_9x9_intruding_spiral,
          minmay_the_grid_triangle_9x9_pentomino_pain,
          minmay_the_grid_triangle_9x9_longest], layout_cave_shapes,
          minmay_misc_feat_room, hell_entry, pan_entry, serial_shops,
          shop_statue, abyss_entry_crystal, nicolae_fountain_basement,
          uniq_grunn, uniq_parghit
Depths:4: grunt_zot_entry_hairpin, layout_honeycomb, gammafunk_ghost_cemetery,
          lightli_too_deep, chequers_serial_rivers_small_3,
          rand_demon_pan_entry_5, lemuel_angel_altar, grunt_megastairs_5,
          minmay_shop_grove, serial_bayou_shore_b, serial_bayou_shore_b,
          uniq_margery
Zot:1:    kennysheep_spiral_hall, layout_basic
Zot:2:    layout_cathedral_of_symmetry,
          regret_index_zotdec_barnacled_alternative
Zot:3:    layout_concentric_octagons, regret_index_zotdec_slimy_original
Zot:4:    layout_gridlike
Zot:5:    layout_misc_corridors, lemuel_golem_globe

Skill      XL: |  1  2  3  4  5  6  7  8  9 10 11 12 13 14 15 16 17 18 19 20 21 22 23 24 25 26 27 |
---------------+----------------------------------------------------------------------------------+-----
Unarmed Combat | 5 6 7 9 10 12 13 15 16 17 19 20 21 22 24 25 26 | 26.8
Stealth        | 2 3 4 5 8 10 11 12 14 16 18 19 | 19.1
Dodging        | 5 6 7 9 11 12 13 14 15 17 18 19 20 22 23 | 23.3
Fighting       | 4 6 7 8 9 10 11 12 13 15 16 17 18 19 20 | 20.7
Evocations     | 1 2 3 5 |  5.5
Translocations | 7 8 10 12 13 | 13.3
Spellcasting   | 1 2 3 4 |  4.4
Fire Magic     | 1 |  1.1
Shapeshifting  | 1 7 9 14 17 18 19 20 21 22 | 22.0
Air Magic      | 2 4 5 6 7 9 |  9.9
Hexes          | 6 13 | 13.3

Action                     |  1- 3 |  4- 6 |  7- 9 | 10-12 | 13-15 | 16-18 | 19-21 | 22-24 | 25-27 || total
---------------------------+-------+-------+-------+-------+-------+-------+-------+-------+-------++-------
  Melee: Unarmed           |    72 |    85 |   265 |   582 |  1026 |  1336 |  1397 |  1575 |   917 ||  7255
         Bite              |     4 |     7 |    22 |    81 |   132 |   208 |   246 |   261 |   155 ||  1116
         Punch             |     2 |     3 |    20 |    52 |   132 |   187 |   282 |   285 |   205 ||  1168
         Tailslap          |       |       |       |       |       |       |     2 |       |       ||     2
   Cast: Apportation       |       |       |       |     4 |     2 |     8 |     7 |     4 |     4 ||    29
         Blink             |       |       |       |       |     2 |     2 |       |     2 |     1 ||     7
         Volatile Blastmot |       |       |       |       |     1 |       |       |       |       ||     1
         Manifold Assault  |       |       |       |       |       |    39 |     2 |    11 |    13 ||    65
         Vhi's Electric Ch |       |       |       |       |       |     1 |     2 |    11 |    30 ||    44
         Lesser Beckoning  |       |       |       |       |       |       |     9 |    10 |    12 ||    31
         Passage of Golubr |       |       |       |       |       |       |       |     7 |     1 ||     8
 Invoke: Serpent's Lash    |       |       |       |    10 |    19 |    28 |    11 |    14 |     8 ||    90
         Heavenly Storm    |       |       |       |       |       |       |     1 |     2 |     1 ||     4
Ability: Lunge             |       |       |    45 |    86 |   140 |   162 |   134 |   127 |    66 ||   760
         Whirlwind         |       |       |     2 |    51 |   161 |   145 |   222 |   484 |   199 ||  1264
         Wall Jump         |       |       |     1 |    13 |    18 |    56 |    20 |    19 |    12 ||   139
  Evoke: Wand              |     2 |    15 |    25 |    18 |    16 |    34 |     9 |     2 |     7 ||   128
         Phantom mirror    |       |       |       |       |     1 |       |       |       |       ||     1
         Phial of floods   |       |       |       |       |       |     1 |     1 |       |       ||     2
    Use: Potion            |     1 |     2 |     6 |     3 |    13 |    10 |     3 |    17 |     3 ||    58
         Scroll            |       |     3 |     2 |     4 |     6 |    22 |     5 |     5 |    11 ||    58
   Stab: Sleeping          |     2 |     8 |    10 |    17 |    45 |    67 |    55 |    48 |    17 ||   269
         Distracted        |       |       |       |       |     7 |    19 |     8 |    12 |     8 ||    54
         Betrayed ally     |       |       |       |       |     1 |       |       |       |       ||     1
         Invisible         |       |       |       |       |    17 |       |     7 |       |       ||    24
         Confused          |       |       |       |       |       |     1 |       |       |       ||     1
 Armour: Skin              |    16 |    15 |    68 |    64 |   157 |   201 |   155 |   292 |   163 ||  1131
  Dodge: Dodged            |    52 |    44 |   159 |   450 |   717 |   970 |  1102 |  1697 |  1036 ||  6227
  Block: Other             |       |       |       |       |       |       |       |    43 |    10 ||    53
         Reflection        |       |       |       |       |       |       |       |     1 |       ||     1
   Form: Beast             |       |       |       |     1 |       |       |       |       |       ||     1
         Statue            |       |       |       |       |       |       |     1 |     1 |       ||     2
         Dragon            |       |       |       |       |       |       |     1 |     1 |       ||     2
         Blade             |       |       |       |       |       |       |     1 |       |       ||     1
